Maple Leafs vs Devils
Created - October 23, 2020 at 23:40
Goals
|
| Maple Leafs |
0 |
2 |
1 |
3 |
| Devils |
0 |
0 |
1 |
1 |
|
Shots
|
| Maple Leafs |
6 |
9 |
12 |
27 |
| Devils |
4 |
13 |
12 |
29 |
|
1st period
No Goal
Penalties :
Michael Del Zotto (NJD) for Tripping (Minor) at 1:57, Zach Parise (NJD) for Roughing (Minor) at 15:01, Patrick Kane (Tor) for Hooking (Minor) at 15:55
2nd period
1. Maple Leafs , Jordan Staal 2 (Jake Guentzel 2, Ben Smith 1) at 8:23
2. Maple Leafs , Jake Guentzel 2 (Kevin Shattenkirk 5, Jordan Staal 1) at 19:01
Penalties :
Calvin de Haan (Tor) for Hooking (Minor) at 4:14, Brayden Schenn (Tor) for Interference (Minor) at 12:32, Matt Donovan (NJD) for Goalie Interference (Minor) at 14:53
3rd period
3. Devils , Chris Stewart 1 (Tyler Ennis 4, Marian Gaborik 4) at 5:02
4. Maple Leafs , Jordan Staal 3 (Jake Guentzel 3, Kyle Clifford 2) at 8:02
Penalties :
Beau Bennett (Tor) for Goalie Interference (Minor) at 11:09, Beau Bennett (Tor) for Holding (Minor) at 17:22
Goalie Stats
John Gibson (Tor), 28 saves from 29 shots - (0.966), W, 1-0-0, 60:00 minutes
Maxime Daigneault (NJD), 24 saves from 27 shots - (0.889), L, 2-1-0, 60:00 minutes
Players Stats for Maple Leafs
Player Name G A P +/- PIM S H SB GA TA FO MP PP MP PK MP
------------------------------------------------------------------------------------
Andre Burakovsky 0 0 0 0 0 0 2 0 0 0 1/1 12:15 0:05 0:26
Beau Bennett 0 0 0 0 4 1 0 0 0 0 1/1 10:54 0:00 0:00
Ben Smith 0 1 1 3 0 1 1 0 0 0 0/2 15:58 2:07 2:22
Blake Comeau 0 0 0 0 0 1 0 0 0 0 0/0 6:15 0:00 0:00
Brayden Schenn 0 0 0 -1 2 2 1 0 0 1 12/27 22:27 2:40 3:26
Braydon Coburn 0 0 0 1 0 0 0 6 0 0 0/0 24:11 0:39 4:22
Calvin de Haan 0 0 0 -1 2 2 1 1 0 0 0/0 13:33 2:12 0:23
Chris Kelly 0 0 0 0 0 0 2 0 0 0 1/1 6:15 0:00 0:00
Dany Heatley 0 0 0 0 0 1 2 0 0 0 0/0 10:09 0:05 1:42
Hampus Lindholm 0 0 0 2 0 1 1 1 0 1 0/0 20:19 2:06 4:05
Jake Guentzel 1 2 3 3 0 3 1 1 0 0 0/1 13:54 2:40 0:00
John Klingberg 0 0 0 2 0 0 1 2 0 0 0/0 18:08 2:01 0:13
Jordan Staal 2 1 3 3 0 2 0 1 0 1 6/14 16:31 2:07 2:17
Kevin Shattenkirk 0 1 1 1 0 2 3 2 0 0 0/0 26:53 2:46 3:52
Kyle Clifford 0 1 1 -1 0 1 3 0 0 1 2/3 22:07 2:07 4:25
Mika Zibanejad 0 0 0 0 0 1 3 0 0 0 1/4 11:49 0:00 0:51
Patrick Kane 0 0 0 -1 2 5 1 1 0 1 1/2 21:20 2:44 2:11
Ryan Parent 0 0 0 -1 0 4 0 3 0 0 0/0 17:02 0:00 4:45
Players Stats for Devils
Player Name G A P +/- PIM S H SB GA TA FO MP PP MP PK MP
------------------------------------------------------------------------------------
Anton Stralman 0 0 0 -1 0 2 0 0 0 0 0/0 26:11 4:49 2:24
Brad Richards 0 0 0 -1 0 0 2 0 0 0 1/2 14:11 4:21 0:47
Brad Richardson 0 0 0 -1 0 1 0 1 0 0 0/0 7:32 0:24 0:00
Chris Stewart 1 0 1 0 0 4 0 0 0 0 0/0 17:30 4:07 0:00
Eric Tangradi 0 0 0 -1 0 1 1 1 0 0 1/1 7:18 0:00 0:33
Jamie Arniel 0 0 0 0 0 5 2 0 0 0 11/19 15:33 0:24 1:40
Josh Gorges 0 0 0 0 0 1 0 1 0 0 0/0 23:16 4:01 2:24
Kristopher Letang 0 0 0 -1 0 2 2 0 1 0 0/0 24:10 4:49 1:14
Marian Gaborik 0 1 1 0 0 1 1 0 1 0 0/1 19:39 4:05 0:00
Martin Samuelsson 0 0 0 -1 0 0 1 1 1 0 0/3 12:20 0:00 2:39
Matt Donovan 0 0 0 -1 2 0 1 2 0 0 0/0 12:34 0:00 1:36
Michael Del Zotto 0 0 0 0 2 3 2 0 0 0 0/0 21:55 4:01 1:09
Nazem Kadri 0 0 0 0 0 1 1 1 1 0 13/21 20:25 4:05 0:00
Nick Bonino 0 0 0 -1 0 1 0 0 1 0 1/3 6:45 0:00 0:00
Patrick Kaleta 0 0 0 -1 0 2 2 0 0 0 1/1 13:09 0:38 2:39
Thomas Hickey 0 0 0 -1 0 0 0 2 0 0 0/0 12:17 0:00 0:57
Tyler Ennis 0 1 1 0 0 2 2 0 0 0 1/3 20:06 4:05 0:00
Zach Parise 0 0 0 0 2 3 1 0 0 0 2/2 19:09 4:21 1:26
3 Stars
1 - Jordan Staal (Tor)
2 - Jake Guentzel (Tor)
3 - John Gibson (Tor)
Power Play
Maple Leafs - 0 on 3 Attempt(s) - 0.00%
Devils - 0 on 5 Attempt(s) - 0.00%
Penalty Kill
Maple Leafs - 5 on 5 Attempt(s) - 100.00%
- Score 0 goal in Penalty Kill
Devils - 3 on 3 Attempt(s) - 100.00%
- Score 0 goal in Penalty Kill
Team Stat
Maple Leafs - Hits : 22 - Faceoff Wins : 25 - Blocked Shots : 18 - Penalty Minutes : 10
Devils - Hits : 18 - Faceoff Wins : 31 - Blocked Shots : 9 - Penalty Minutes : 6
Official
Referees : Unknown
Linesman : Unknown
Game Notes
No Game Note
Finance
Level 1 -- Attendance: 6000 (100.00%) -- Ticket Income $630,000
Level 2 -- Attendance: 5000 (100.00%) -- Ticket Income $325,000
Level 3 -- Attendance: 2000 (100.00%) -- Ticket Income $80,000
Level 4 -- Attendance: 3560 (89.00%) -- Ticket Income $106,800
Luxury Box -- Attendance: 928 (92.80%) -- Ticket Income $167,040
Game was played at the The Pack Center.
Total Attendance: 17488 (97.16%)
Total Ticket Income: $1,308,840
Other Income: $196,326
Total Income: $1,505,166
Maple Leafs
5 vs 5 Forward
Center Left Wing Right Wing Time % Phy DF OF
1 Brayden Schenn Kyle Clifford Patrick Kane 40 1 2 2
2 Jordan Staal Jake Guentzel Ben Smith 30 1 2 2
3 Mika Zibanejad Andre Burakovsky Beau Bennett 20 1 2 2
4 Chris Kelly Dany Heatley Blake Comeau 10 1 2 2
5 vs 5 Defense
Defense Defense Time % Phy DF OF
1 Kevin Shattenkirk Braydon Coburn 40 1 2 2
2 Hampus Lindholm John Klingberg 30 1 2 2
3 Ryan Parent Calvin de Haan 20 1 2 2
4 Kevin Shattenkirk John Klingberg 10 1 2 2
PowerPlay Forward
Center Left Wing Right Wing Time % Phy DF OF
1 Brayden Schenn Jake Guentzel Patrick Kane 60 1 2 2
2 Jordan Staal Kyle Clifford Ben Smith 40 1 2 2
PowerPlay Defense
Defense Defense Time % Phy DF OF
1 Kevin Shattenkirk John Klingberg 60 1 2 2
2 Hampus Lindholm Calvin de Haan 40 1 2 2
Penalty Kill 4 Players Forward
Center Wing Time % Phy DF OF
1 Brayden Schenn Kyle Clifford 60 1 2 2
2 Jordan Staal Patrick Kane 40 1 2 2
Penalty Kill 4 Players Defense
Defense Defense Time % Phy DF OF
1 Braydon Coburn Ryan Parent 60 1 2 2
2 Kevin Shattenkirk Hampus Lindholm 40 1 2 2
Penalty Kill - 3 Players Forward
Forward Time % Phy DF OF
1 Brayden Schenn 60 1 2 2
2 Jordan Staal 40 1 2 2
Penalty Kill - 3 Players Defense
Defense Defense Time % Phy DF OF
1 Braydon Coburn Ryan Parent 60 1 2 2
2 Kevin Shattenkirk Hampus Lindholm 40 1 2 2
4 vs 4 Forward
Center Wing Time % Phy DF OF
1 Jordan Staal Patrick Kane 60 1 2 2
2 Brayden Schenn Kyle Clifford 40 1 2 2
4 vs 4 Defense
Defense Defense Time % Phy DF OF
1 Kevin Shattenkirk Braydon Coburn 60 1 2 2
2 John Klingberg Hampus Lindholm 40 1 2 2
Last Minutes Offensive
Center Left Wing Right Wing Defense Defense
Brayden Schenn Kyle Clifford Patrick Kane Kevin Shattenkirk John Klingberg
Last Minutes Defensive
Center Left Wing Right Wing Defense Defense
Jordan Staal Kyle Clifford Patrick Kane Kevin Shattenkirk Braydon Coburn
Goaltenders
Starting : John Gibson
Backup : Brian Elliott
Extra Forwards
Normal : Dany Heatley, Andre Burakovsky, Patrick Kane - PP : Dany Heatley, Patrick Kane - PK : Ben Smith
Extra Defensemen
Normal : Hampus Lindholm, Ryan Parent, Kevin Shattenkirk - PP : Hampus Lindholm - PK : Hampus Lindholm, Calvin de Haan
Penalty Shots
Patrick Kane, Andre Burakovsky, Brayden Schenn, Jordan Staal, Kyle Clifford
Scratches
None
Devils
5 vs 5 Forward
Center Left Wing Right Wing Time % Phy DF OF
1 Nazem Kadri Tyler Ennis Marian Gaborik 36 0 2 3
2 Jamie Arniel Zach Parise Chris Stewart 32 0 2 3
3 Brad Richards Martin Samuelsson Patrick Kaleta 22 0 2 3
4 Nick Bonino Eric Tangradi Brad Richardson 10 0 2 3
5 vs 5 Defense
Defense Defense Time % Phy DF OF
1 Kristopher Letang Anton Stralman 40 0 3 2
2 Michael Del Zotto Josh Gorges 35 0 3 2
3 Thomas Hickey Matt Donovan 25 0 3 2
4 Kristopher Letang Anton Stralman 0 1 2 2
PowerPlay Forward
Center Left Wing Right Wing Time % Phy DF OF
1 Nazem Kadri Tyler Ennis Marian Gaborik 60 0 1 4
2 Brad Richards Zach Parise Chris Stewart 40 0 1 4
PowerPlay Defense
Defense Defense Time % Phy DF OF
1 Kristopher Letang Anton Stralman 60 0 1 4
2 Michael Del Zotto Josh Gorges 40 0 1 4
Penalty Kill 4 Players Forward
Center Wing Time % Phy DF OF
1 Martin Samuelsson Patrick Kaleta 60 1 3 1
2 Jamie Arniel Zach Parise 40 1 3 1
Penalty Kill 4 Players Defense
Defense Defense Time % Phy DF OF
1 Anton Stralman Josh Gorges 60 1 4 0
2 Michael Del Zotto Matt Donovan 40 1 4 0
Penalty Kill - 3 Players Forward
Forward Time % Phy DF OF
1 Zach Parise 60 1 3 1
2 Brad Richards 40 1 3 1
Penalty Kill - 3 Players Defense
Defense Defense Time % Phy DF OF
1 Kristopher Letang Anton Stralman 60 1 4 0
2 Michael Del Zotto Josh Gorges 40 1 4 0
4 vs 4 Forward
Center Wing Time % Phy DF OF
1 Nazem Kadri Tyler Ennis 60 0 2 3
2 Brad Richards Marian Gaborik 40 0 2 3
4 vs 4 Defense
Defense Defense Time % Phy DF OF
1 Kristopher Letang Anton Stralman 60 0 3 2
2 Michael Del Zotto Josh Gorges 40 0 3 2
Last Minutes Offensive
Center Left Wing Right Wing Defense Defense
Nazem Kadri Tyler Ennis Marian Gaborik Kristopher Letang Michael Del Zotto
Last Minutes Defensive
Center Left Wing Right Wing Defense Defense
Jamie Arniel Zach Parise Patrick Kaleta Josh Gorges Anton Stralman
Goaltenders
Starting : Maxime Daigneault
Backup : Thomas McCollum
Extra Forwards
Normal : Brad Richards, Patrick Kaleta, Martin Samuelsson - PP : Jamie Arniel, Patrick Kaleta - PK : Brad Richards
Extra Defensemen
Normal : Thomas Hickey, Matt Donovan, Michael Del Zotto - PP : Thomas Hickey - PK : Kristopher Letang, Thomas Hickey
Penalty Shots
Marian Gaborik, Tyler Ennis, Nazem Kadri, Chris Stewart, Zach Parise
Scratches
Mike Weber (Healthy)
% Time on Ice - Maple Leafs
Lines # - Real PCT - Wanted PCT - Time Play
Normal Forward
1 - 38% - 40% - 17:00
2 - 25% - 30% - 11:22
3 - 23% - 20% - 10:36
4 - 14% - 10% - 6:15
Normal Defense
1 - 41% - 40% - 18:20
2 - 30% - 30% - 13:40
3 - 24% - 20% - 10:42
4 - 6% - 10% - 2:31
PP Forward
1 - 57% - 60% - 2:45
2 - 43% - 40% - 2:07
PP Defense
1 - 55% - 60% - 2:40
2 - 45% - 40% - 2:12
PK Forward
1 - 75% - 60% - 6:39
2 - 25% - 40% - 2:11
PK Defense
1 - 54% - 60% - 4:45
2 - 46% - 40% - 4:05
PK3 Forward
1 - 0% - 60%
2 - 0% - 40%
PK3 Defense
1 - 0% - 60%
2 - 0% - 40%
44 Forward
1 - 100% - 60% - 1:05
2 - 0% - 40% - 0:00
44 Defense
1 - 58% - 60% - 0:38
2 - 42% - 40% - 0:27
Last Minute Offensive - 0:00
Last Minute Defensive - 0:00
Total
Forward - 60:00
Defense - 60:00
|
% Time on Ice - Devils
Lines # - Real PCT - Wanted PCT - Time Play
Normal Forward
1 - 36% - 36% - 16:05
2 - 30% - 32% - 13:23
3 - 20% - 22% - 9:00
4 - 15% - 10% - 6:45
Normal Defense
1 - 41% - 40% - 18:30
2 - 35% - 35% - 15:44
3 - 24% - 25% - 10:59
4 - 0% - 0% - 0:00
PP Forward
1 - 53% - 60% - 4:43
2 - 47% - 40% - 4:07
PP Defense
1 - 55% - 60% - 4:49
2 - 45% - 40% - 4:01
PK Forward
1 - 66% - 60% - 3:12
2 - 34% - 40% - 1:40
PK Defense
1 - 49% - 60% - 2:24
2 - 51% - 40% - 2:28
PK3 Forward
1 - 0% - 60%
2 - 0% - 40%
PK3 Defense
1 - 0% - 60%
2 - 0% - 40%
44 Forward
1 - 74% - 60% - 0:48
2 - 26% - 40% - 0:17
44 Defense
1 - 43% - 60% - 0:28
2 - 57% - 40% - 0:37
Last Minute Offensive - 0:00
Last Minute Defensive - 0:00
Total
Forward - 60:00
Defense - 60:00
|
Play-by-Play
1st period
0:01 of 1st period - Nazem Kadri wins face-off versus Brayden Schenn in neutral zone.
0:35 of 1st period - Slapshot by Kevin Shattenkirk.
0:35 of 1st period - Deflect By Zach Parise.
0:35 of 1st period - Stopped by Maxime Daigneault with a rebound.
0:37 of 1st period - Slapshot by Kevin Shattenkirk.
0:37 of 1st period - Shot Misses the Net.
1:27 of 1st period - Snap shot by Patrick Kaleta.
1:27 of 1st period - Stopped by John Gibson with a rebound.
1:41 of 1st period - Slapshot by Beau Bennett.
1:41 of 1st period - Shot Misses the Net.
1:57 of 1st period - Minor Penalty to Michael Del Zotto for Tripping.
1:58 of 1st period - Brayden Schenn wins face-off versus Martin Samuelsson in Devils zone.
2:07 of 1st period - Wrist shot by Patrick Kane.
2:07 of 1st period - Shot Blocked by Matt Donovan.
2:39 of 1st period - Snap shot by Jordan Staal.
2:39 of 1st period - Shot Blocked by Thomas Hickey.
3:57 of 1st period - Penalty to Michael Del Zotto is over, Michael Del Zotto is back on ice.
4:14 of 1st period - Martin Samuelsson is hit by Andre Burakovsky and loses puck.
4:27 of 1st period - Josh Gorges is hit by Chris Kelly and loses puck.
6:03 of 1st period - Snap shot by Eric Tangradi.
6:03 of 1st period - Stopped by John Gibson with a rebound.
6:53 of 1st period - Jamie Arniel is hit by Kevin Shattenkirk and loses puck.
7:27 of 1st period - Nazem Kadri is hit by Dany Heatley and loses puck.
7:59 of 1st period - Wrist shot by Ben Smith.
7:59 of 1st period - Deflect By Jordan Staal.
7:59 of 1st period - Shot Misses the Net.
7:59 of 1st period - Puck is out of play.
8:00 of 1st period - Jordan Staal wins face-off versus Jamie Arniel in Devils zone.
8:26 of 1st period - Brayden Schenn is hit by Matt Donovan and loses puck.
8:31 of 1st period - Backhand shot by Patrick Kaleta.
8:31 of 1st period - Shot Misses the Net.
8:33 of 1st period - Wrist shot by Brad Richards.
8:33 of 1st period - Shot Misses the Net.
8:35 of 1st period - Slapshot by Anton Stralman.
8:35 of 1st period - Shot Misses the Net.
8:51 of 1st period - Wrist shot by Mika Zibanejad.
8:51 of 1st period - Stopped by Maxime Daigneault with a rebound.
8:53 of 1st period - Slapshot by Calvin de Haan.
8:53 of 1st period - Stopped by Maxime Daigneault with a rebound.
8:55 of 1st period - Wrist shot by Ryan Parent.
8:55 of 1st period - Shot Misses the Net.
8:57 of 1st period - Slapshot by Ryan Parent.
8:57 of 1st period - Stopped by Maxime Daigneault without a rebound.
8:58 of 1st period - Jamie Arniel wins face-off versus Jordan Staal in Devils zone.
10:20 of 1st period - Snap shot by Brad Richardson.
10:20 of 1st period - Deflect By John Klingberg.
10:20 of 1st period - Stopped by John Gibson without a rebound.
10:21 of 1st period - Brayden Schenn wins face-off versus Jamie Arniel in Maple Leafs zone.
10:36 of 1st period - Wrist shot by Patrick Kane.
10:36 of 1st period - Stopped by Maxime Daigneault with a rebound.
10:38 of 1st period - Slapshot by Hampus Lindholm.
10:38 of 1st period - Shot Misses the Net.
11:15 of 1st period - Andre Burakovsky is hit by Tyler Ennis and loses puck.
12:04 of 1st period - Jake Guentzel is hit by Jamie Arniel and loses puck.
12:34 of 1st period - Calvin de Haan is hit by Nazem Kadri and loses puck.
12:41 of 1st period - Snap shot by Tyler Ennis.
12:41 of 1st period - Shot Hit the Post.
13:09 of 1st period - Slapshot by Calvin de Haan.
13:09 of 1st period - Deflect By Michael Del Zotto.
13:09 of 1st period - Stopped by Maxime Daigneault without a rebound.
13:10 of 1st period - Jamie Arniel wins face-off versus Brayden Schenn in Devils zone.
13:25 of 1st period - Wrist shot by Zach Parise.
13:25 of 1st period - Shot Blocked by Braydon Coburn.
13:27 of 1st period - Slapshot by Kristopher Letang.
13:27 of 1st period - Shot Misses the Net.
15:01 of 1st period - Minor Penalty to Zach Parise for Roughing.
15:02 of 1st period - Brayden Schenn wins face-off versus Martin Samuelsson in Devils zone.
15:32 of 1st period - Martin Samuelsson is hit by Kyle Clifford and loses puck.
15:55 of 1st period - Minor Penalty to Patrick Kane for Hooking.
15:56 of 1st period - Jordan Staal wins face-off versus Nazem Kadri in Maple Leafs zone.
17:01 of 1st period - Penalty to Zach Parise is over, Zach Parise is back on ice.
17:10 of 1st period - Snap shot by Kyle Clifford.
17:10 of 1st period - Shot Misses the Net.
17:55 of 1st period - Penalty to Patrick Kane is over, Patrick Kane is back on ice.
18:37 of 1st period - Ryan Parent is hit by Michael Del Zotto.
18:49 of 1st period - Dany Heatley is hit by Brad Richards and loses puck.
19:04 of 1st period - Eric Tangradi is hit by Kevin Shattenkirk and loses puck.
19:15 of 1st period - Nick Bonino is hit by Chris Kelly and loses puck.
19:26 of 1st period - Nick Bonino is hit by Jake Guentzel and loses puck.
19:49 of 1st period - Wrist shot by Chris Stewart.
19:49 of 1st period - Stopped by John Gibson without a rebound.
19:50 of 1st period - Nazem Kadri wins face-off versus Mika Zibanejad in Maple Leafs zone.
Goals for this period are 0 for Maple Leafs vs 0 for Devils.
Shots for this period are 6 for Maple Leafs vs 4 for Devils.
2nd period
0:01 of 2nd period - Brayden Schenn wins face-off versus Nazem Kadri in neutral zone.
0:08 of 2nd period - Anton Stralman is hit by Kyle Clifford and loses puck.
0:27 of 2nd period - Kevin Shattenkirk is hit by Kristopher Letang and loses puck.
0:58 of 2nd period - Snap shot by Brad Richards.
0:58 of 2nd period - Shot Blocked by John Klingberg.
1:00 of 2nd period - Slapshot by Brad Richards.
1:00 of 2nd period - Shot Misses the Net.
1:14 of 2nd period - Slapshot by Hampus Lindholm.
1:14 of 2nd period - Deflect By Eric Tangradi.
1:14 of 2nd period - Stopped by Maxime Daigneault without a rebound.
1:15 of 2nd period - Nazem Kadri wins face-off versus Brayden Schenn in Devils zone.
1:15 of 2nd period - Nazem Kadri is hit by Brayden Schenn.
1:49 of 2nd period - Wrist shot by Patrick Kane.
1:49 of 2nd period - Stopped by Maxime Daigneault without a rebound.
1:50 of 2nd period - Jamie Arniel wins face-off versus Jake Guentzel in Devils zone.
1:50 of 2nd period - Jamie Arniel is hit by Kevin Shattenkirk.
2:20 of 2nd period - Snap shot by Andre Burakovsky.
2:20 of 2nd period - Shot Blocked by Martin Samuelsson.
2:45 of 2nd period - Wrist shot by Tyler Ennis.
2:45 of 2nd period - Shot Blocked by Hampus Lindholm.
3:01 of 2nd period - Wrist shot by Eric Tangradi.
3:01 of 2nd period - Shot Misses the Net.
3:03 of 2nd period - Snap shot by Nick Bonino.
3:03 of 2nd period - Stopped by John Gibson with a rebound.
4:14 of 2nd period - Minor Penalty to Calvin de Haan for Hooking.
4:15 of 2nd period - Tyler Ennis wins face-off versus Brayden Schenn in Maple Leafs zone.
4:20 of 2nd period - Backhand shot by Tyler Ennis.
4:20 of 2nd period - Shot Misses the Net.
4:22 of 2nd period - Snap shot by Josh Gorges.
4:22 of 2nd period - Shot Blocked by Braydon Coburn.
4:24 of 2nd period - Snap shot by Nazem Kadri.
4:24 of 2nd period - Shot Blocked by Ryan Parent.
4:26 of 2nd period - Slapshot by Josh Gorges.
4:26 of 2nd period - Stopped by John Gibson with a rebound.
4:28 of 2nd period - Slapshot by Michael Del Zotto.
4:28 of 2nd period - Shot Blocked by Ryan Parent.
4:30 of 2nd period - Wrist shot by Nazem Kadri.
4:30 of 2nd period - Shot Blocked by Ryan Parent.
4:32 of 2nd period - Slapshot by Michael Del Zotto.
4:32 of 2nd period - Stopped by John Gibson with a rebound.
5:16 of 2nd period - Backhand shot by Patrick Kane.
5:16 of 2nd period - Stopped by Maxime Daigneault with a rebound.
5:34 of 2nd period - Michael Del Zotto is hit by Hampus Lindholm and loses puck.
6:11 of 2nd period - Patrick Kane is hit by Patrick Kaleta and loses puck.
6:14 of 2nd period - Penalty to Calvin de Haan is over, Calvin de Haan is back on ice.
6:18 of 2nd period - Snap shot by Patrick Kaleta.
6:18 of 2nd period - Shot Misses the Net.
6:20 of 2nd period - Wrist shot by Patrick Kaleta.
6:20 of 2nd period - Stopped by John Gibson without a rebound.
6:21 of 2nd period - Nick Bonino wins face-off versus Mika Zibanejad in Maple Leafs zone.
6:48 of 2nd period - John Klingberg is hit by Patrick Kaleta and loses puck.
8:09 of 2nd period - Off-side.
8:10 of 2nd period - Jordan Staal wins face-off versus Nick Bonino in neutral zone.
8:17 of 2nd period - Slapshot by Kevin Shattenkirk.
8:17 of 2nd period - Shot Misses the Net.
8:19 of 2nd period - Snap shot by Ben Smith.
8:19 of 2nd period - Shot Blocked by Eric Tangradi.
8:21 of 2nd period - Wrist shot by Jake Guentzel.
8:21 of 2nd period - Shot Blocked by Matt Donovan.
8:23 of 2nd period - Wrist shot by Jordan Staal.
8:23 of 2nd period - Goal by Jordan Staal - Maple Leafs : 1 - Devils : 0.
8:24 of 2nd period - Nazem Kadri wins face-off versus Brayden Schenn in neutral zone.
8:56 of 2nd period - Wrist shot by Jamie Arniel.
8:56 of 2nd period - Stopped by John Gibson without a rebound.
8:57 of 2nd period - Zach Parise wins face-off versus Jordan Staal in Maple Leafs zone.
9:53 of 2nd period - Brad Richards is hit by Mika Zibanejad and loses puck.
10:32 of 2nd period - Patrick Kane is hit by Jamie Arniel and loses puck.
10:37 of 2nd period - Snap shot by Zach Parise.
10:37 of 2nd period - Stopped by John Gibson with a rebound.
10:39 of 2nd period - Snap shot by Chris Stewart.
10:39 of 2nd period - Stopped by John Gibson without a rebound.
10:40 of 2nd period - Jordan Staal wins face-off versus Nazem Kadri in Maple Leafs zone.
10:58 of 2nd period - Icing by Kevin Shattenkirk.
10:59 of 2nd period - Jamie Arniel wins face-off versus Jordan Staal in Maple Leafs zone.
11:00 of 2nd period - Wrist shot by Chris Stewart.
11:00 of 2nd period - Stopped by John Gibson without a rebound.
11:01 of 2nd period - Brayden Schenn wins face-off versus Jamie Arniel in Maple Leafs zone.
11:15 of 2nd period - Snap shot by Jamie Arniel.
11:15 of 2nd period - Stopped by John Gibson without a rebound.
11:16 of 2nd period - Nazem Kadri wins face-off versus Brayden Schenn in Maple Leafs zone.
11:17 of 2nd period - Wrist shot by Tyler Ennis.
11:17 of 2nd period - Stopped by John Gibson without a rebound.
11:18 of 2nd period - Nazem Kadri wins face-off versus Brayden Schenn in Maple Leafs zone.
11:19 of 2nd period - Snap shot by Tyler Ennis.
11:19 of 2nd period - Shot Blocked by Kevin Shattenkirk.
11:21 of 2nd period - Snap shot by Nazem Kadri.
11:21 of 2nd period - Shot Misses the Net.
11:23 of 2nd period - Slapshot by Anton Stralman.
11:23 of 2nd period - Stopped by John Gibson without a rebound.
11:24 of 2nd period - Nazem Kadri wins face-off versus Brayden Schenn in Maple Leafs zone.
11:34 of 2nd period - Kevin Shattenkirk is hit by Kristopher Letang and loses puck.
11:41 of 2nd period - Snap shot by Tyler Ennis.
11:41 of 2nd period - Shot Blocked by Patrick Kane.
12:21 of 2nd period - Snap shot by Brayden Schenn.
12:21 of 2nd period - Shot Misses the Net.
12:32 of 2nd period - Minor Penalty to Brayden Schenn for Interference.
12:33 of 2nd period - Brad Richards wins face-off versus Ben Smith in Maple Leafs zone.
13:59 of 2nd period - Icing by Josh Gorges.
14:00 of 2nd period - Nazem Kadri wins face-off versus Ben Smith in Devils zone.
14:00 of 2nd period - Nazem Kadri is hit by Ben Smith.
14:32 of 2nd period - Penalty to Brayden Schenn is over, Brayden Schenn is back on ice.
14:53 of 2nd period - Minor Penalty to Matt Donovan for Goalie Interference.
14:54 of 2nd period - Brayden Schenn wins face-off versus Martin Samuelsson in Devils zone.
15:58 of 2nd period - Michael Del Zotto is hit by John Klingberg and loses puck.
16:53 of 2nd period - Penalty to Matt Donovan is over, Matt Donovan is back on ice.
16:55 of 2nd period - Anton Stralman is hit by Andre Burakovsky.
17:24 of 2nd period - Wrist shot by Beau Bennett.
17:24 of 2nd period - Stopped by Maxime Daigneault without a rebound.
17:25 of 2nd period - Chris Kelly wins face-off versus Jamie Arniel in Devils zone.
17:58 of 2nd period - Slapshot by Brayden Schenn.
17:58 of 2nd period - Stopped by Maxime Daigneault without a rebound.
17:59 of 2nd period - Nazem Kadri wins face-off versus Brayden Schenn in Devils zone.
17:59 of 2nd period - Nazem Kadri is hit by Patrick Kane.
18:07 of 2nd period - Slapshot by Patrick Kane.
18:07 of 2nd period - Stopped by Maxime Daigneault with a rebound.
18:24 of 2nd period - Josh Gorges is hit by Kyle Clifford and loses puck.
18:31 of 2nd period - Snap shot by Brayden Schenn.
18:31 of 2nd period - Stopped by Maxime Daigneault without a rebound.
18:32 of 2nd period - Jamie Arniel wins face-off versus Jordan Staal in Devils zone.
18:39 of 2nd period - Slapshot by Kristopher Letang.
18:39 of 2nd period - Shot Blocked by Braydon Coburn.
18:41 of 2nd period - Snap shot by Zach Parise.
18:41 of 2nd period - Shot Misses the Net.
18:43 of 2nd period - Wrist shot by Kristopher Letang.
18:43 of 2nd period - Stopped by John Gibson without a rebound.
18:44 of 2nd period - Jamie Arniel wins face-off versus Jordan Staal in Maple Leafs zone.
19:01 of 2nd period - Snap shot by Jake Guentzel.
19:01 of 2nd period - Goal by Jake Guentzel - Maple Leafs : 2 - Devils : 0.
19:02 of 2nd period - Jamie Arniel wins face-off versus Brayden Schenn in neutral zone.
19:13 of 2nd period - Wrist shot by Zach Parise.
19:13 of 2nd period - Shot Misses the Net.
19:41 of 2nd period - Backhand shot by Marian Gaborik.
19:41 of 2nd period - Stopped by John Gibson without a rebound.
19:42 of 2nd period - Patrick Kane wins face-off versus Brad Richards in Maple Leafs zone.
Goals for this period are 2 for Maple Leafs vs 0 for Devils.
Shots for this period are 9 for Maple Leafs vs 13 for Devils.
3rd period
0:01 of 3rd period - Jamie Arniel wins face-off versus Brayden Schenn in neutral zone.
0:04 of 3rd period - Braydon Coburn is hit by Michael Del Zotto and loses puck.
3:12 of 3rd period - John Klingberg is hit by Martin Samuelsson and loses puck.
3:33 of 3rd period - Ben Smith is hit by Brad Richards and loses puck.
3:52 of 3rd period - Snap shot by Ben Smith.
3:52 of 3rd period - Stopped by Maxime Daigneault with a rebound.
3:54 of 3rd period - Snap shot by Jake Guentzel.
3:54 of 3rd period - Stopped by Maxime Daigneault without a rebound.
3:55 of 3rd period - Brayden Schenn wins face-off versus Jamie Arniel in Devils zone.
4:00 of 3rd period - Wrist shot by Patrick Kane.
4:00 of 3rd period - Stopped by Maxime Daigneault without a rebound.
4:01 of 3rd period - Jamie Arniel wins face-off versus Brayden Schenn in Devils zone.
4:32 of 3rd period - Icing by Nazem Kadri.
4:33 of 3rd period - Beau Bennett wins face-off versus Marian Gaborik in Devils zone.
4:34 of 3rd period - Wrist shot by Andre Burakovsky.
4:34 of 3rd period - Shot Blocked by Josh Gorges.
4:36 of 3rd period - Slapshot by Ryan Parent.
4:36 of 3rd period - Shot Misses the Net.
4:38 of 3rd period - Wrist shot by Ryan Parent.
4:38 of 3rd period - Shot Misses the Net.
4:40 of 3rd period - Snap shot by Andre Burakovsky.
4:40 of 3rd period - Shot Misses the Net.
4:46 of 3rd period - Snap shot by Mika Zibanejad.
4:46 of 3rd period - Shot Misses the Net.
5:02 of 3rd period - Snap shot by Chris Stewart.
5:02 of 3rd period - Goal by Chris Stewart - Maple Leafs : 2 - Devils : 1.
5:03 of 3rd period - Brayden Schenn wins face-off versus Jamie Arniel in neutral zone.
6:32 of 3rd period - Tyler Ennis is hit by Dany Heatley and loses puck.
6:43 of 3rd period - Slapshot by Patrick Kane.
6:43 of 3rd period - Deflect By Kyle Clifford.
6:43 of 3rd period - Shot Misses the Net.
6:43 of 3rd period - Puck is out of play.
6:44 of 3rd period - Zach Parise wins face-off versus Kyle Clifford in Devils zone.
7:30 of 3rd period - Snap shot by Jamie Arniel.
7:30 of 3rd period - Stopped by John Gibson without a rebound.
7:31 of 3rd period - Nazem Kadri wins face-off versus Brayden Schenn in Maple Leafs zone.
7:40 of 3rd period - Snap shot by Tyler Ennis.
7:40 of 3rd period - Shot Blocked by Calvin de Haan.
8:02 of 3rd period - Snap shot by Jordan Staal.
8:02 of 3rd period - Goal by Jordan Staal - Maple Leafs : 3 - Devils : 1.
8:03 of 3rd period - Brayden Schenn wins face-off versus Tyler Ennis in neutral zone.
8:06 of 3rd period - Snap shot by Kevin Shattenkirk.
8:06 of 3rd period - Shot Blocked by Nazem Kadri.
8:34 of 3rd period - Nazem Kadri is hit by Mika Zibanejad and loses puck.
8:43 of 3rd period - Braydon Coburn is hit by Marian Gaborik and loses puck.
9:03 of 3rd period - Off-side.
9:04 of 3rd period - Jamie Arniel wins face-off versus Patrick Kane in neutral zone.
9:14 of 3rd period - Off-side.
9:15 of 3rd period - Jamie Arniel wins face-off versus Brayden Schenn in neutral zone.
9:20 of 3rd period - Slapshot by Anton Stralman.
9:20 of 3rd period - Stopped by John Gibson with a rebound.
9:22 of 3rd period - Wrist shot by Zach Parise.
9:22 of 3rd period - Shot Misses the Net.
9:24 of 3rd period - Snap shot by Zach Parise.
9:24 of 3rd period - Stopped by John Gibson without a rebound.
9:25 of 3rd period - Kyle Clifford wins face-off versus Jamie Arniel in Maple Leafs zone.
9:34 of 3rd period - Wrist shot by Jamie Arniel.
9:34 of 3rd period - Shot Blocked by Braydon Coburn.
9:36 of 3rd period - Wrist shot by Jamie Arniel.
9:36 of 3rd period - Stopped by John Gibson with a rebound.
9:46 of 3rd period - Snap shot by Jamie Arniel.
9:46 of 3rd period - Shot Misses the Net.
9:52 of 3rd period - Wrist shot by Zach Parise.
9:52 of 3rd period - Shot Misses the Net.
9:54 of 3rd period - Slapshot by Kristopher Letang.
9:54 of 3rd period - Shot Blocked by Kevin Shattenkirk.
9:56 of 3rd period - Snap shot by Jamie Arniel.
9:56 of 3rd period - Stopped by John Gibson without a rebound.
9:57 of 3rd period - Nazem Kadri wins face-off versus Jordan Staal in Maple Leafs zone.
10:02 of 3rd period - Snap shot by Tyler Ennis.
10:02 of 3rd period - Stopped by John Gibson without a rebound.
10:03 of 3rd period - Nazem Kadri wins face-off versus Jordan Staal in Maple Leafs zone.
10:08 of 3rd period - Snap shot by Nazem Kadri.
10:08 of 3rd period - Stopped by John Gibson without a rebound.
10:09 of 3rd period - Kyle Clifford wins face-off versus Tyler Ennis in Maple Leafs zone.
10:11 of 3rd period - Icing by Kevin Shattenkirk.
10:12 of 3rd period - Brayden Schenn wins face-off versus Nazem Kadri in Maple Leafs zone.
10:20 of 3rd period - Wrist shot by Kyle Clifford.
10:20 of 3rd period - Stopped by Maxime Daigneault with a rebound.
10:22 of 3rd period - Slapshot by Kevin Shattenkirk.
10:22 of 3rd period - Stopped by Maxime Daigneault without a rebound.
10:23 of 3rd period - Brayden Schenn wins face-off versus Nazem Kadri in Devils zone.
10:30 of 3rd period - Wrist shot by Tyler Ennis.
10:30 of 3rd period - Shot Blocked by Braydon Coburn.
10:55 of 3rd period - Wrist shot by Michael Del Zotto.
10:55 of 3rd period - Stopped by John Gibson with a rebound.
10:57 of 3rd period - Snap shot by Michael Del Zotto.
10:57 of 3rd period - Stopped by John Gibson with a rebound.
11:09 of 3rd period - Minor Penalty to Beau Bennett for Goalie Interference.
11:10 of 3rd period - Nazem Kadri wins face-off versus Brayden Schenn in Maple Leafs zone.
11:11 of 3rd period - Wrist shot by Tyler Ennis.
11:11 of 3rd period - Shot Blocked by Braydon Coburn.
11:13 of 3rd period - Snap shot by Kristopher Letang.
11:13 of 3rd period - Stopped by John Gibson with a rebound.
12:29 of 3rd period - Jordan Staal is hit by Zach Parise and loses puck.
12:44 of 3rd period - Ryan Parent is hit by Tyler Ennis and loses puck.
13:09 of 3rd period - Penalty to Beau Bennett is over, Beau Bennett is back on ice.
13:22 of 3rd period - Ryan Parent is hit by Eric Tangradi and loses puck.
13:47 of 3rd period - Snap shot by Dany Heatley.
13:47 of 3rd period - Stopped by Maxime Daigneault without a rebound.
13:48 of 3rd period - Jordan Staal wins face-off versus Nick Bonino in Devils zone.
13:49 of 3rd period - Snap shot by Jake Guentzel.
13:49 of 3rd period - Stopped by Maxime Daigneault without a rebound.
13:50 of 3rd period - Eric Tangradi wins face-off versus Jordan Staal in Devils zone.
14:17 of 3rd period - Slapshot by John Klingberg.
14:17 of 3rd period - Shot Misses the Net.
14:19 of 3rd period - Slapshot by John Klingberg.
14:19 of 3rd period - Shot Blocked by Brad Richardson.
14:48 of 3rd period - Off-side.
14:49 of 3rd period - Jordan Staal wins face-off versus Jamie Arniel in neutral zone.
15:16 of 3rd period - Anton Stralman is hit by Mika Zibanejad and loses puck.
15:41 of 3rd period - Wrist shot by Kyle Clifford.
15:41 of 3rd period - Shot Blocked by Thomas Hickey.
15:43 of 3rd period - Slapshot by Ryan Parent.
15:43 of 3rd period - Stopped by Maxime Daigneault with a rebound.
15:45 of 3rd period - Wrist shot by Ryan Parent.
15:45 of 3rd period - Deflect By Tyler Ennis.
15:45 of 3rd period - Stopped by Maxime Daigneault without a rebound.
15:46 of 3rd period - Mika Zibanejad wins face-off versus Nazem Kadri in Devils zone.
16:32 of 3rd period - Slapshot by Michael Del Zotto.
16:32 of 3rd period - Shot Misses the Net.
16:34 of 3rd period - Slapshot by Josh Gorges.
16:34 of 3rd period - Shot Misses the Net.
16:36 of 3rd period - Slapshot by Matt Donovan.
16:36 of 3rd period - Shot Blocked by John Klingberg.
16:38 of 3rd period - Snap shot by Chris Stewart.
16:38 of 3rd period - Shot Blocked by Jordan Staal.
16:40 of 3rd period - Snap shot by Chris Stewart.
16:40 of 3rd period - Shot Blocked by Jake Guentzel.
16:42 of 3rd period - Slapshot by Thomas Hickey.
16:42 of 3rd period - Shot Misses the Net.
16:44 of 3rd period - Snap shot by Zach Parise.
16:44 of 3rd period - Stopped by John Gibson with a rebound.
17:00 of 3rd period - Snap shot by Blake Comeau.
17:00 of 3rd period - Stopped by Maxime Daigneault without a rebound.
17:01 of 3rd period - Patrick Kaleta wins face-off versus Mika Zibanejad in Devils zone.
17:09 of 3rd period - Anton Stralman is hit by Calvin de Haan and loses puck.
17:22 of 3rd period - Minor Penalty to Beau Bennett for Holding.
17:23 of 3rd period - Brayden Schenn wins face-off versus Nazem Kadri in Maple Leafs zone.
19:22 of 3rd period - Penalty to Beau Bennett is over, Beau Bennett is back on ice.
19:42 of 3rd period - Icing by Braydon Coburn.
19:43 of 3rd period - Andre Burakovsky wins face-off versus Nazem Kadri in Maple Leafs zone.
19:54 of 3rd period - Snap shot by Patrick Kane.
19:54 of 3rd period - Shot Misses the Net.
19:56 of 3rd period - Slapshot by Ryan Parent.
19:56 of 3rd period - Stopped by Maxime Daigneault with a rebound.
Goals for this period are 1 for Maple Leafs vs 1 for Devils.
Shots for this period are 12 for Maple Leafs vs 12 for Devils.